[Event "*** Titled Tuesday 3|2 Blitz"]
[Site "Chess.com"]
[Date "2016.03.01"]
[Round "2"]
[White "MITerryble"]
[Black "Aygehovit1992"]
[Result "1-0"]
[WhiteElo "2650"]
[BlackElo "2414"]
[TimeControl "180+2"]
[EndTime "17:21:09 PST"]
[Termination "MITerryble won by resignation"]

1. d4 Nf6 2. Nf3 g6 3. Bg5 Bg7 4. Nbd2 d5 5. c3 O-O 6. e3 c5 7.
dxc5 a5 8. a4 Nbd7 9. Nb3 Qc7 10. Qd4 e5 11. Qh4 h6 12. Bxh6 Re8 13. Bb5 Bxh6 14.
Qxh6 Re7 15. h4 Ng4 16. Qg5 Ndf6 17. h5 e4 18. hxg6 fxg6 19. Nfd4 Kg7 20. O-O-O Bd7 21. f3 Qe5 22. Qxe5 Nxe5 23. Bxd7 Rxd7 24. Kc2 Re7 25. Nd2 exf3 26. gxf3 Nfd7 27. Rdg1 Kf6 28. N4b3 Rc8 29. f4 Nf7 30. Rg3 Nxc5 31. Nxc5 Rxc5 32. Rhg1 Nh8 33. Nb3 Rc8 34. Nxa5 Rce8 35. Kd3 Re6 36. Nb3 Kf7 37. Nd4 Ra6 38. b3 Rc8 39. f5 Kg7 40. fxg6 Nxg6 41. Nf5+ Kf7 42. Rxg6 1-0

[Event "*** Titled Tuesday 3|2 Blitz"]
[Site "Chess.com"]
[Date "2016.03.01"]
[Round "2"]
[White "Dlugy"]
[Black "tigra"]
[Result "0-1"]
[WhiteElo "2596"]
[BlackElo "2429"]
[TimeControl "180+2"]
[EndTime "17:21:26 PST"]
[Termination "tigra won by resignation"]

1. d4 Nf6 2. Bf4 g6 3. Nc3 Bg7 4. e4 Nh5 5. Be3 d6 6. Be2 Nf6 7. Nf3 Ng4 8. Bg5 h6 9. Bh4 Nc6 10. O-O O-O 11. Qd2 a6 12. Rad1 Qd7 13. h3 Nf6 14. e5 Nh5 15. g4 dxe5 16. gxh5 exd4 17. hxg6 fxg6 18. Bg3 Qe6 19. Na4 Qxh3 20. c3 Be6 21. c4 Rad8 22. Nc5 Bf5 23. Rfe1 d3 24. Bf1 Qh5 25. Nh2 Nd4 26. Nxd3 Bg4 27. Nf4 Rxf4 28.
Qxf4 Bxd1 29. Qxc7 Rf8 30. Qxe7 Nf3+ 31. Nxf3 Bxf3 32.
Bg2 Bxg2 33. Kxg2 Qf3+ 34. Kg1 g5 35. Qe4 Qxe4 36. Rxe4 Bxb2 37. Re6 Rf6 38. Re7 Rf7 39. Re8+ Kg7 40. Re6 Bf6 41. c5 Re7 42. Rb6 Bd4 43. Bd6 Rf7 44. Kg2 Rxf2+ 45. Kg3 Rb2 46. Rxb2 Bxb2 47.
Kf3 h5 48. Ke4 Kf6 49. Kd5 Kf5 50. a4 h4 51. c6 bxc6+ 52. Kxc6 Be5 53. Kb6 Bxd6 54.
Kxa6 h3 55. Kb7 h2 56. a5 h1=Q+ 57. Kc8 Qc6+ 0-1

[Event "*** Titled Tuesday 3|2 Blitz"]
[Site "Chess.com"]
[Date "2016.03.01"]
[Round "2"]
[White "yopino"]
[Black "IMRosen"]
[Result "0-1"]
[WhiteElo "2189"]
[BlackElo "2284"]
[TimeControl "180+2"]
[EndTime "17:21:34 PST"]
[Termination "IMRosen won by checkmate"]

1. e4 d5 2. exd5 Nf6 3. d4 Bg4 4. Nf3 Nxd5 5. Be2 g6 6. h3 Bxf3 7. Bxf3 c6 8. O-O Bg7 9. c3 O-O 10. Re1 Nd7 11. Nd2 Re8 12. Nc4 Qc7 13. Bg5 e5 14.
dxe5 Nxe5 15. Nxe5 Rxe5 16. Qd2 Rae8 17. Bxd5 cxd5 18.
Be3 Qe7 19. Red1 a6 20. Qd3 Rf5 21. Rd2 Qh4 22. Rad1 Re4 23. Qc2 Qh5 24. Qb3 d4 25.
cxd4 Rb5 26. Qc2 Qd5 27. Qc8+ Bf8 28. Bh6 Qd6 29. d5 Rbb4 30. a3 Rbc4 31. Bxf8 Qxf8 32. Qxb7 Qd6 33. Qb3 h5 34. Qf3 Kg7 35. Qg3 Rf4 36. Rd3 h4 37. Qe3 Rce4 38. Qd2 Rc4 39. Rc3 Rce4 40.
Rc6 Qd7 41. Qc3+ Kh7 42. d6 Re2 43. Rc7 Qf5 44. Rc8 f6 45. Rc7+ Kh6 46. Qc1 g5 47. d7 Rfxf2 48. d8=Q Rxg2+ 49. Kh1 Rh2+ 50. Kg1 Reg2# 0-1

[Event "*** Titled Tuesday 3|2 Blitz"]
[Site "Chess.com"]
[Date "2016.03.01"]
[Round "2"]
[White "MinhGTrAn"]
[Black "maciek_92"]
[Result "1-0"]
[WhiteElo "2674"]
[BlackElo "2451"]
[TimeControl "180+2"]
[EndTime "17:21:55 PST"]
[Termination "MinhGTrAn won by resignation"]

1. d4 Nf6 2. c4 e6 3. Nc3 Bb4 4. e3 O-O 5. Ne2 Re8 6. a3 Bf8 7. Ng3 d5 8. Be2 Nbd7 9. O-O c6 10. b4 a5 11. b5 Nb6 12. bxc6 bxc6 13. c5 Nbd7 14.
f4 Ba6 15. Bd2 Qc7 16. Qa4 h5 17. Rfb1 h4 18. Bxa6 Rxa6 19. Nge2 Be7 20. Rb2 Rb8 21. Rab1 Rxb2 22. Rxb2 g5 23. Qb3 Ra7 24. g3 hxg3 25. hxg3 g4 26. Kf2 Kg7 27. Ke1 Qd8 28. Kd1 Qh8 29. Kc1 a4 30. Qd1 Qh7 31. Rb4 Bxc5 32. dxc5 Nxc5 33. Qc2 Qh1+ 34. Kb2 Qf1 35. Ka2 Qg2 36. Rb1 Kg8 37. Rg1 Qf2 38. Rd1 Nfe4 39. Nxe4 Nxe4 40. Nd4 c5 41. Nc6 Rc7 42. Ne5 Qxg3 43.
Bc1 Qf2 44. Qxf2 Nxf2 45. Rf1 g3 46. Rg1 Ne4 47. Nf3 f6 48. Nd2 Nc3+ 49. Kb2 Ne2 50. Rg2 Rb7+ 51. Kc2 Nxc1 52. Rxg3+ Kf7 53. Kxc1 e5 54.
fxe5 fxe5 55. e4 dxe4 56. Nxe4 c4 57. Nd6+ 1-0

[Event "*** Titled Tuesday 3|2 Blitz"]
[Site "Chess.com"]
[Date "2016.03.01"]
[Round "2"]
[White "TheLancer"]
[Black "Titus369"]
[Result "1-0"]
[WhiteElo "2412"]
[BlackElo "2281"]
[TimeControl "180+2"]
[EndTime "17:22:27 PST"]
[Termination "TheLancer won by resignation"]

1. e4 c5 2. Nc3 d6 3. f4 e6 4. Nf3 Nc6 5. Bb5 Ne7 6. d3 g6 7.
O-O Bg7 8. Qe1 O-O 9. Bxc6 bxc6 10. Qh4 d5 11. f5 gxf5 12. Bh6 Ng6 13. Qh5 Bxh6 14.
Qxh6 Qf6 15. exf5 exf5 16. Rae1 Qg7 17. Qd2 Be6 18. Na4 Rfe8 19. c3 c4 20. d4 Kh8 21.
Nc5 h6 22. Ne5 Nxe5 23. Rxe5 Qg6 24. Rfe1 Re7 25. Qe3 Rg8 26. g3 Rge8 27. b4 Kh7 28. a4 Qf6 29. a5 Qg6 30. h4 Qf6 31. Kh2 Qg6 32. Re2 Rg8 33. Qf4 Rge8 34. Re1 Rg8 35.
R1e3 Rge8 36. Kg1 Rg8 37. Kf2 Rge8 38. Ke1 Qf6 39. Kd2 Qg6 40. Kc1 Kg7 41. Kb2 Qg4 42. Re1 Qxf4 43. gxf4 Kf6 44. Rg1 Rh8 45. h5 Rb8 46.
Ka3 Rc8 47. Rg3 Rb8 48. Re2 Rh8 49. Re5 Rb8 50. Na6 Rc8 51. Nc5 Rb8 52. Ka4 Rc8 53. Rge3 Rce8 54. Rg3 Rb8 55. Re1 Rh8 56. Reg1 Rb8 57.
Rg8 Ree8 58. R8g7 Rh8 59. R1g6+ fxg6 60. Rxg6+ Kf7 61. Rxe6 Rbc8 62. Rd6 Ke7 63. Rd7+ Kf6 64. Rxa7 Rhe8 65. Nd7+ Ke6 66. Ne5 Kd6 67. Rh7 Rh8 68. Rxh8 Rxh8 69. Nf7+ Ke7 70. Nxh8 Kd7 71. Ng6 Kc7 72. b5 Kb7 73. Kb4 Kc7 74. Kc5 cxb5 75. Kxb5 1-0

[Event "*** Titled Tuesday 3|2 Blitz"]
[Site "Chess.com"]
[Date "2016.03.01"]
[Round "2"]
[White "spectralsoul"]
[Black "GrigorGrigorov"]
[Result "0-1"]
[WhiteElo "2535"]
[BlackElo "2524"]
[TimeControl "180+2"]
[EndTime "17:22:31 PST"]
[Termination "GrigorGrigorov won by resignation"]

1. g3 d5 2. c4 c6 3. Bg2 Nf6 4. Nf3 dxc4 5. Na3 Be6 6. Ng5 Bd5 7. e4 h6 8. exd5 hxg5 9. dxc6 Nxc6 10. O-O e6 11.
Nxc4 Rc8 12. d3 Nd5 13. Ne3 Ndb4 14. d4 Qxd4 15. Qxd4 Nxd4 16. Bxb7 Rc7 17. Ba8 Bc5 18.
Bd2 Ke7 19. Bg2 Nd3 20. Rfb1 Ne5 21. Ba5 Bb6 22. Bb4+ Bc5 23. Ba5 Rcc8 24. Rd1 Ndf3+ 25. Bxf3 Nxf3+ 26. Kg2 Nxh2 27. Bd2 g4 28. Rac1 Bxe3 29. Rxc8 Rxc8 30. Bxe3 Nf3 31. Bxa7 Rc2 32. a4 Rxb2 33. Bc5+ Kf6 34. Rd4 Kg5 35. Be7+ f6 36. Rd1 Ra2 37.
Bf8 g6 38. Rh1 Rxa4 39. Bh6+ Kf5 40. Be3 e5 41. Rc1 g5 42. Rb1 Ke4 43. Rc1 f5 44.
Rb1 f4 45. Bb6 Ra2 46. Rc1 Re2 47. Rb1 Re1 48. Rxe1+ Nxe1+ 49. Kf1 Nd3 50. Ke2 Nb4 51. Bc5 Nd5 52. Bd6 Nc3+ 53. Kd2 Nb5 54. Be7 Kf5 55.
Ke2 Nd4+ 56. Kf1 e4 57. Bc5 Ne6 58. Bd6 Ng7 59. Ke2 Ne8 60. Bb8 Nf6 61. Bd6 Nd5 62. Bb8 e3 63. fxe3 Nxe3 64. Kf2 Ke4 65. Bc7 Nf5 66. Bd8 Nxg3 67. Bxg5 Nf5 68. Bd8 g3+ 69. Kg2 f3+ 70. Kh3 f2 0-1

[Event "*** Titled Tuesday 3|2 Blitz"]
[Site "Chess.com"]
[Date "2016.03.01"]
[Round "2"]
[White "LADIESGET2KNOWME"]
[Black "djgwards"]
[Result "1-0"]
[WhiteElo "2373"]
[BlackElo "2213"]
[TimeControl "180+2"]
[EndTime "17:22:32 PST"]
[Termination "LADIESGET2KNOWME won by resignation"]

1. d4 d5 2. Nc3 Nf6 3. Bg5 Nbd7 4. Nf3 h6 5. Bh4 e6 6. e3 Be7 7. Bd3 c5 8. O-O c4 9. Be2 O-O 10. Nb1 b5 11. Nbd2 a5 12. c3 Ba6 13. a3 b4 14. axb4 axb4 15. Ne5 Nxe5 16. dxe5 Nd7 17.
Bxe7 Qxe7 18. Nf3 bxc3 19. bxc3 Nc5 20. Nd4 Qc7 21. f4 Rab8 22. Qc2 Rb6 23. Rfb1 Rfb8 24. h3 Bc8 25. Kh2 Bd7 26. Bf3 Ba4 27. Qc1 Nd3 28. Qf1 Bd7 29. Be2 Nxe5 30. Rxb6 Rxb6 31. fxe5 Qxe5+ 32. Qf4 f6 33. Ra7 Rd6 34. Bh5 g5 35. Qxe5 fxe5 36.
Nf3 e4 37. Ne5 Bb5 38. Bf7+ Kg7 39. Be8+ Kf6 40. Ng4+ Kf5 41. Bxb5 e5 42. Bd7+ Kg6 43. Nxe5+ Kf6 44. Ng4+ Ke7 45. Bf5+ Kf8 46. Ne5 Ke8 47. Kg3 h5 48. h4 g4 49. Kf4 d4 50. exd4 e3 51.
Kxe3 Rf6 52. Ke4 g3 53. d5 Kd8 54. Nc6+ Ke8 55. Be6 Kf8 56. Ne5 Ke8 57. Ra8+ Ke7 58. Ra7+ Kd6 59. Nxc4+ Kc5 60. Ne3 Rf2 61. Ra5+ Kd6 62.
Ra6+ Kc7 63. d6+ Kb7 64. d7 Rd2 65. Ra4 Kc7 66. Rd4 1-0

[Event "*** Titled Tuesday 3|2 Blitz"]
[Site "Chess.com"]
[Date "2016.03.01"]
[Round "2"]
[White "hermionegrangermagic"]
[Black "Miguelito"]
[Result "1/2-1/2"]
[WhiteElo "2297"]
[BlackElo "2287"]
[TimeControl "180+2"]
[EndTime "17:22:54 PST"]
[Termination "Game drawn - insufficient material"]

1. e4 c5 2. Nf3 e6 3. b3 b6 4. Bb2 Bb7 5. Nc3 Nc6 6. d4 cxd4 7.
Nxd4 a6 8. Qd2 Qc7 9. O-O-O Nf6 10. f3 Bd6 11. Ndb5 axb5 12. Nxb5 Rxa2 13. Nxc7+ Bxc7 14. Kb1 Rxb2+ 15. Kxb2 Ke7 16. g4 Be5+ 17. Kb1 Ra8 18. c3 Nb4 19. g5 Nxe4 20. Qxd7+ Kf8 21. fxe4 Bxe4+ 22. Bd3 Bxc3 23. Qd6+ Kg8 24. Qxb4 Bxd3+ 25. Rxd3 Bxb4 26. Rc1 g6 27. Rc7 Bc5 28. Rdd7 Rf8 29.
Kc2 Be3 30. h4 Bf2 31. Rc4 Kg7 32. Kd3 h5 33. Rf4 Bg3 34. Rb4 Bf2 35. Ke2 Bc5 36. Rf4 e5 37. Rf6 Bd4 38. b4 Kg8 39. b5 Kg7 40. Kd2 Kg8 41. Rc6 Ra8 42. Rcc7 Rf8 43.
Kd3 Bf2 44. Rb7 Kg7 45. Ke4 Bd4 46. Rxd4 exd4 47. Kxd4 Rd8+ 48. Ke5 Re8+ 49. Kd6 Re4 50. Rxb6 Rxh4 51. Rc6 Rg4 52. Rc5 h4 53. b6 h3 54. b7 Rb4 55. Kc7 f6 56. gxf6+ Kxf6 57. Rc3 g5 58. Rxh3 g4 59. Rh8 Kg5 60. b8=Q Rxb8 61.
Kxb8 g3 62. Kc7 Kf4 63. Kd6 g2 64. Rg8 Kf3 65. Ke5 Kf2 66. Kf4 Kf1 67. Kf3 g1=Q 68.
Rxg1+ Kxg1 1/2-1/2

[Event "*** Titled Tuesday 3|2 Blitz"]
[Site "Chess.com"]
[Date "2016.03.01"]
[Round "2"]
[White "GianmarcoVaR"]
[Black "ArnaudovP"]
[Result "1-0"]
[WhiteElo "2366"]
[BlackElo "2304"]
[TimeControl "180+2"]
[EndTime "17:23:12 PST"]
[Termination "GianmarcoVaR won by resignation"]

1. d4 Nf6 2. Nf3 c5 3. d5 g6 4. Nc3 Bg7 5. e3 O-O 6. Be2 d6 7. Nd2 e6 8. e4 exd5 9. exd5 Nbd7 10. a4 Re8 11. O-O Ne5 12. f4 Neg4 13. Nc4 h5 14. Nb5 Ne4 15. c3 a6 16. Nba3 Bf5 17. g3 b5 18. Nd2 Ne3 19. Qe1 Nxf1 20. Nxf1 b4 21. cxb4 Bd4+ 22. Be3 Qf6 23. bxc5 Nxc5 24. Nc4 Nd3 25. Qd2 Bxe3+ 26. Nfxe3 Nc5 27. Rd1 Be4 28. Qd4 Qxd4 29. Rxd4 Rab8 30. Nxd6 Re7 31. b4 Nb3 32. Rxe4 Rxe4 33. Nxe4 Rxb4 34. Nc3 Nc5 35. d6 Rd4 36. Ned5 Kf8 37. a5 Ke8 38. Kf2 Kd7 39. Ke3 Nb3 40. Bd1 Rxd1 41. Nxd1 Kxd6 42. Nb4 Nxa5 43. Nxa6 f6 44.
Nb4 Ke6 45. Nc2 g5 46. Nd4+ Kf7 47. f5 Nc4+ 48. Kf3 Ne5+ 49. Kg2 Nc4 50. h3 Ke7 51. Kf3 Kd6 52. g4 hxg4+ 53. hxg4 Ne5+ 54. Kg3 Nc4 55. Nc3 Ke7 56. Nd5+ Kf7 57. Nb5 Ne5 58. Nd6+ Kg7 59. Ne8+ Kh6 60. Nexf6 Nc4 61. Ne4 Ne5 62. Nc7 Kg7 63.
Ne6+ Kh6 64. N6xg5 Nd3 65. Nf3 Kg7 66. g5 Kf7 67.
g6+ Kg7 68. Kg4 Nb4 69. Kg5 Nd5 70. f6+ Kg8 71. Ne5 Nc7 72. Nc5 Kh8 73. Kf5 Nd5 74.
Nf7+ Kg8 75. Nh6+ Kh8 76. g7+ 1-0

[Event "*** Titled Tuesday 3|2 Blitz"]
[Site "Chess.com"]
[Date "2016.03.01"]
[Round "2"]
[White "Hikaru"]
[Black "vellottiwizard"]
[Result "1-0"]
[WhiteElo "2866"]
[BlackElo "2447"]
[TimeControl "180+2"]
[EndTime "17:23:57 PST"]
[Termination "Hikaru won by resignation"]

1. b3 e5 2. Bb2 Nc6 3. e3 d5 4.
Bb5 Bd6 5. Nf3 Qe7 6. d4 e4 7. Nfd2 a6 8. Bxc6+ bxc6 9. c4 Qg5 10. g3 Nf6 11.
Ba3 O-O 12. Bxd6 cxd6 13. h3 h5 14. Nc3 Be6 15. Rc1 dxc4 16. bxc4 Qa5 17. Kf1 Bf5 18. Kg2 Rfe8 19. Qc2 Qc7 20. Rb1 Rab8 21. Ne2 Rxb1 22. Rxb1 Rb8 23. Rxb8+ Qxb8 24. h4 Qb4 25. Qc3 Qb6 26.
Nf4 Kf8 27. Nb3 Bg4 28. Qa5 Qxa5 29. Nxa5 Bd7 30. Nb7 Ke7 31. c5 d5 32. Ne2 Ne8 33.
Nc3 Bc8 34. Na5 Kd7 35. a3 Kc7 36. Na2 Nf6 37. Nb4 Bb7 38. Kf1 Ng8 39. Ke2 Ne7 40. f3 exf3+ 41. Kxf3 Bc8 42. Kf2 f6 43. Kf3 g5 44. Kf2 Kd7 45. Nd3 Kc7 46. hxg5 fxg5 47. Ne5 h4 48. g4 Be6 49. Kf3 Bg8 50. Nb3 Be6 51. Nc1 Ng8 52. Ncd3 Nf6 53. Nf2 Bg8 54. Kg2 Be6 55. Kf3 Bg8 56. a4 Be6 57. a5 Bg8 58. Nfd3 Be6 59. Nb4 h3 60. Nxa6+ Kb7 61. Nb4 Nxg4 62. a6+ Ka8 63. Nbxc6 h2 64. Kg2 Nxe3+ 65.
Kxh2 Bc8 66. Nb4 Nf5 67. Nxd5 Bxa6 68. Nc7+ Kb7 69. Ne6 Bb5 70. d5 Kc8 71. Nxg5 Nd4 72. Ne4 Ba4 73. Kg3 Bc2 74. Nd6+ Kc7 75. Kf4 Nb3 76. Nb5+ Kd8 77. c6 Nc5 78. d6 Ne6+ 79. Ke3 Ba4 80. c7+ Nxc7 81. Nxc7 Bb3 82. Kd4 Ba4 83.
Kc5 Kc8 84. Nd5 Be8 85. Nb6+ Kb7 86. Nec4 Ka6 87. Nd5 Kb7 88. Ncb6 Bc6 89. Nf6 1-0

[Event "*** Titled Tuesday 3|2 Blitz"]
[Site "Chess.com"]
[Date "2016.03.01"]
[Round "3"]
[White "Dlugy"]
[Black "chessking2151"]
[Result "1-0"]
[WhiteElo "2599"]
[BlackElo "2311"]
[TimeControl "180+2"]
[EndTime "17:28:21 PST"]
[Termination "Dlugy won by resignation"]

1. d4 Nf6 2. Bf4 e6 3. e3 c5 4. c3 Nc6 5. Nd2 d5 6. Ngf3 Bd6 7. Bg3 O-O 8. Bd3 b6 9. O-O Bb7 10. Ne5 Ne7 11. Qb1 g6 12. Bh4 Nf5 13. Bxf6 Qxf6 14. Nd7 Qh4 15. Nf3 Qe7 16. Nxf8 Rxf8 17. e4 Ng7 18. e5 Bc7 19. Qc1 f5 20. exf6 Qxf6 21. Re1 Bf4 22. Qd1 g5 23. Qe2 g4 24. Ne5 h5 25. Nd7 Bxh2+ 26. Kxh2 Qh4+ 27. Kg1 g3 28. fxg3 1-0

[Event "*** Titled Tuesday 3|2 Blitz"]
[Site "Chess.com"]
[Date "2016.03.01"]
[Round "3"]
[White "MinhGTrAn"]
[Black "DanielNaroditsky"]
[Result "1/2-1/2"]
[WhiteElo "2672"]
[BlackElo "2574"]
[TimeControl "180+2"]
[EndTime "17:28:34 PST"]
[Termination "Game drawn by repetition"]

1. d4 Nf6 2. c4 e6 3. Nc3 Bb4 4. e3 O-O 5. Ne2 c6 6. Bd2 d5 7. a3 Bd6 8. c5 Bc7 9. f4 b6 10. b4 a5 11. Ng3 Ba6 12. Be2 axb4 13. axb4 Bxe2 14. Ngxe2 Nbd7 15. O-O bxc5 16. bxc5 Rxa1 17. Qxa1 Qa8 18. h3 Rb8 19. g4 h6 20. Rb1 Rxb1+ 21. Qxb1 Ba5 22. Qa2 Qa6 23. Kf2 Nb8 24. Qb1 Nbd7 25.
Qa2 Nb8 26. Qb1 Nbd7 27. Qa2 1/2-1/2

[Event "*** Titled Tuesday 3|2 Blitz"]
[Site "Chess.com"]
[Date "2016.03.01"]
[Round "3"]
[White "kikydu96"]
[Black "yopino"]
[Result "1-0"]
[WhiteElo "2267"]
[BlackElo "2183"]
[TimeControl "180+2"]
[EndTime "17:28:51 PST"]
[Termination "kikydu96 won by resignation"]

1. e4 c5 2. c3 g6 3. d4 cxd4 4. cxd4 d5 5. Nc3 dxe4 6. Bc4 Bg7 7. Qb3 e6 8. d5 Nf6 9. dxe6 O-O 10. exf7+ Kh8 11. Nge2 Nc6 12. Qa4 Ne5 13. O-O Bd7 14.
Qb3 Bc6 15. Be3 Nfg4 16. h3 Nf3+ 17. gxf3 Ne5 18. fxe4 Nf3+ 19. Kg2 Qh4 20. Kxf3 Rae8 21. Ng3 1-0

[Event "*** Titled Tuesday 3|2 Blitz"]
[Site "Chess.com"]
[Date "2016.03.01"]
[Round "3"]
[White "Miguelito"]
[Black "JustKid"]
[Result "1-0"]
[WhiteElo "2297"]
[BlackElo "2113"]
[TimeControl "180+2"]
[EndTime "17:28:58 PST"]
[Termination "Miguelito won by resignation"]

1. b3 d5 2. Bb2 Nf6 3. e3 e6 4. c4 b6 5. Nf3 Bb7 6. Be2 Be7 7. O-O O-O 8. cxd5 exd5 9. d4 Nbd7 10. Nc3 Re8 11. Rc1 a6 12. Bd3 h6 13. Ne2 Bd6 14.
Ng3 Ne4 15. Nf5 Bf8 16. Qc2 Rc8 17. Qe2 Qf6 18. Ng3 b5 19. Ne5 Nxe5 20. dxe5 Nxg3 21. hxg3 Qe6 22. f4 c5 23. Bb1 c4 24. Qc2 g6 25.
f5 cxb3 26. fxe6 bxc2 27. exf7+ 1-0

[Event "*** Titled Tuesday 3|2 Blitz"]
[Site "Chess.com"]
[Date "2016.03.01"]
[Round "3"]
[White "vellottiwizard"]
[Black "Tesla17"]
[Result "1-0"]
[WhiteElo "2463"]
[BlackElo "2295"]
[TimeControl "180+2"]
[EndTime "17:29:14 PST"]
[Termination "vellottiwizard won by resignation"]

1. e4 c5 2. Nf3 g6 3. d4 cxd4 4.
Nxd4 Bg7 5. Nc3 Nc6 6. Be3 Nf6 7. Be2 O-O 8. Nb3 d6 9. O-O Bd7 10. f4 a6 11. Bf3 Rc8 12. g4 Na5 13. g5 Ne8 14.
Nxa5 Qxa5 15. Nd5 Bxb2 16. Nxe7+ Kh8 17. Bd4+ Bxd4+ 18. Qxd4+ f6 19. Nxc8 Bxc8 20. gxf6 Rxf6 21. e5 dxe5 22. fxe5 Rf8 23. e6+ Ng7 24. Bd5 Re8 25.
e7 Bf5 26. Rae1 Qc7 27. Qe5 Qc5+ 28. Rf2 h6 29. Bf7 1-0

[Event "*** Titled Tuesday 3|2 Blitz"]
[Site "Chess.com"]
[Date "2016.03.01"]
[Round "3"]
[White "Kawhi_Leonard2"]
[Black "Kanthecarowin"]
[Result "1-0"]
[WhiteElo "2070"]
[BlackElo "2180"]
[TimeControl "180+2"]
[EndTime "17:29:32 PST"]
[Termination "Kawhi_Leonard2 won by resignation"]

1. e4 c6 2. d4 d5 3. exd5 cxd5 4. Bd3 Nf6 5. c3 Nc6 6. Bf4 Bg4 7. Qb3 Qb6 8. Nd2 e6 9. Ngf3 Be7 10. O-O O-O 11.
Ne5 Nxe5 12. dxe5 Nd7 13. Qc2 g6 14. h3 Bf5 15. Bxf5 exf5 16. Nf3 Rfc8 17. Rad1 Qe6 18.
Nd4 Qa6 19. Rfe1 Qxa2 20. e6 fxe6 21. Rxe6 Bf6 22. Nxf5 gxf5 23. Qxf5 Bg7 24. Re7 Nf6 25. Qg5 1-0

[Event "*** Titled Tuesday 3|2 Blitz"]
[Site "Chess.com"]
[Date "2016.03.01"]
[Round "3"]
[White "Quiet_Desperation"]
[Black "TheMagician"]
[Result "1-0"]
[WhiteElo "2235"]
[BlackElo "2139"]
[TimeControl "180+2"]
[EndTime "17:30:09 PST"]
[Termination "Quiet_Desperation won by checkmate"]

1. e4 e6 2. d4 d5 3. Nd2 dxe4 4.
Nxe4 Nd7 5. Nf3 Ngf6 6. Nc3 Bb4 7. Bd2 Bxc3 8. bxc3 Ne4 9. Bd3 Nxd2 10. Qxd2 O-O 11. O-O b6 12. c4 Bb7 13. Ng5 h6 14. Ne4 Nf6 15. Nxf6+ Qxf6 16. c3 Rfd8 17. Qe3 Rac8 18.
f4 c5 19. Rad1 Kf8 20. f5 cxd4 21. cxd4 Qxd4 22. Qxd4 Rxd4 23. fxe6 f6 24. Bg6 Rcd8 25. e7+ Kxe7 26. Rfe1+ Be4 27. Rxd4 Rxd4 28. Rxe4+ Rxe4 29. Bxe4 Kd6 30. a4 Kc5 31. Bd5 a6 32. Kf2 b5 33.
axb5 axb5 34. Bf7 bxc4 35. Ke3 f5 36. Kf4 c3 37. Bb3 Kd4 38. Kxf5 Ke3 39. g4 g5 40. Kg6 Kf4 41. h3 Kg3 42. Kxh6 Kh4 43. Kg6 Kxh3 44. Kxg5 Kg3 45. Bc2 Kf3 46. Bd1+ Ke3 47. Kf6 Kf4 48. g5 Ke3 49. g6 Kd2 50. Ba4 Kc1 51. g7 Kb2 52. g8=Q Ka3 53. Qb3# 1-0

[Event "*** Titled Tuesday 3|2 Blitz"]
[Site "Chess.com"]
[Date "2016.03.01"]
[Round "3"]
[White "GMHess"]
[Black "pedromartinez91"]
[Result "1-0"]
[WhiteElo "2629"]
[BlackElo "2313"]
[TimeControl "180+2"]
[EndTime "17:30:12 PST"]
[Termination "GMHess won by checkmate"]

1. b3 d5 2. Bb2 Nf6 3. e3 e6 4. Nf3 Be7 5. c4 O-O 6. cxd5 exd5 7. Bd3 c6 8. O-O Nbd7 9. Nd4 Ne5 10. Bc2 Ng6 11. f4 Ne4 12. f5 Ne5 13. Bxe4 dxe4 14. Nc3 Nd3 15. Bc1 Bf6 16. Nde2 Nxc1 17. Rxc1 Re8 18.
Ng3 Qd3 19. Qg4 Qxd2 20. Ncxe4 Qxe3+ 21. Kh1 Qd4 22. Rce1 Qb2 23. Nxf6+ Qxf6 24. Rxe8# 1-0

[Event "*** Titled Tuesday 3|2 Blitz"]
[Site "Chess.com"]
[Date "2016.03.01"]
[Round "3"]
[White "spectralsoul"]
[Black "lionheart95"]
[Result "1-0"]
[WhiteElo "2539"]
[BlackElo "2341"]
[TimeControl "180+2"]
[EndTime "17:30:43 PST"]
[Termination "spectralsoul won by checkmate"]

1. e4 e6 2. d3 d5 3. Nd2 Nf6 4. Ngf3 g6 5. e5 Nfd7 6. d4 c5 7. c3 Nc6 8. h4 h6 9. Nb3 cxd4 10.
cxd4 a5 11. Be3 a4 12. Nbd2 a3 13. b3 Bb4 14. Bd3 Qb6 15. O-O Bc3 16. Rc1 Bb2 17. Bb1 Nxd4 18. Nxd4 Bxd4 19. Nc4 dxc4 20. Bxd4 Qa5 21.
Rxc4 b5 22. Rc6 Bb7 23. Rd6 Qc7 24. Qg4 Bd5 25. Rxd5 exd5 26. e6 Ne5 27. exf7+ Nxf7 28. Bxg6 Rg8 29. Bxf7+ Kxf7 30. Qf5+ Ke7 31. Re1+ Kd6 32. Qe6# 1-0

[Event "*** Titled Tuesday 3|2 Blitz"]
[Site "Chess.com"]
[Date "2016.03.01"]
[Round "3"]
[White "AlexanderL"]
[Black "TheLancer"]
[Result "1-0"]
[WhiteElo "2583"]
[BlackElo "2408"]
[TimeControl "180+2"]
[EndTime "17:31:21 PST"]
[Termination "AlexanderL won on time"]

1. d4 Nf6 2. c4 e6 3. Nc3 Bb4 4. Qc2 Nc6 5. Nf3 d6 6. Bd2 e5 7.
d5 Bxc3 8. Bxc3 Nb8 9. e3 O-O 10. h3 c6 11. dxc6 bxc6 12. Rd1 Qc7 13. c5 dxc5 14.
Bxe5 Qa5+ 15. Bc3 Qxa2 16. Ng5 Nbd7 17. Rxd7 Bxd7 18. Bxf6 Qa1+ 19. Kd2 g6 20. Qc3 Bf5 21.
e4 Be6 22. Ke3 Rad8 23. Bxd8 Rxd8 24. Nxe6 fxe6 25. Bc4 1-0

[Event "*** Titled Tuesday 3|2 Blitz"]
[Site "Chess.com"]
[Date "2016.03.01"]
[Round "3"]
[White "chessdude"]
[Black "Zazuliak"]
[Result "1-0"]
[WhiteElo "2392"]
[BlackElo "2347"]
[TimeControl "180+2"]
[EndTime "17:31:31 PST"]
[Termination "chessdude won by resignation"]

1. Nf3 Nf6 2. c4 g6 3. Nc3 Bg7 4. e4 d6 5. d4 O-O 6. Be2 Na6 7. Nd2 e5 8. d5 Bh6 9. O-O Nc5 10. Qc2 a5 11. b3 c6 12. Rb1 cxd5 13. cxd5 Bg4 14. Bxg4 Nxg4 15. Nc4 Bxc1 16. Rbxc1 f5 17. exf5 Rxf5 18.
h3 Nf6 19. Nb5 Ra6 20. Ncxd6 Rxd6 21. Nxd6 Qxd6 22. Qxc5 Qxd5 23. Qxd5+ Nxd5 24. Rc5 Nf4 25. Rxa5 Rg5 26. g3 Ne6 27. Rd1 h5 28. h4 Rf5 29.
Rd7 1-0

[Event "*** Titled Tuesday 3|2 Blitz"]
[Site "Chess.com"]
[Date "2016.03.01"]
[Round "3"]
[White "Rating-Schmating"]
[Black "jcgs1030"]
[Result "0-1"]
[WhiteElo "2280"]
[BlackElo "2199"]
[TimeControl "180+2"]
[EndTime "17:32:02 PST"]
[Termination "jcgs1030 won by resignation"]

1. e4 c5 2. Be2 d6 3. f4 Nf6 4.
d3 Nc6 5. Nf3 g6 6. c3 Bg7 7.
O-O b5 8. Na3 a6 9. Qe1 Bb7 10.
Nc2 a5 11. Qh4 b4 12. Be3 h6 13. e5 Nd5 14. exd6 Qxd6 15. d4 Nxe3 16. Nxe3 cxd4 17. Nc4 Qc5 18. Qf2 O-O 19. Rfd1 Rad8 20. Rac1 Qa7 21.
cxb4 axb4 22. Nce5 Nxe5 23. fxe5 Qxa2 24. Bc4 Qa7 25.
Nxd4 Bxe5 26. Nb5 Qxf2+ 27. Kxf2 Bxb2 28. Rb1 Rxd1 29. Rxd1 Be4 30. Bb3 Bc3 31. Ke3 Bf5 32. Rc1 Rc8 33. h3 Bd4+ 34. Kd2 Be3+ 35. Kxe3 Rxc1 36.
g4 Bd7 37. Kf4 Bxb5 0-1

[Event "*** Titled Tuesday 3|2 Blitz"]
[Site "Chess.com"]
[Date "2016.03.01"]
[Round "3"]
[White "SenseiJulio"]
[Black "Izoria123"]
[Result "0-1"]
[WhiteElo "2608"]
[BlackElo "2576"]
[TimeControl "180+2"]
[EndTime "17:32:06 PST"]
[Termination "Izoria123 won by checkmate"]

1. d4 Nf6 2. c4 g6 3. Nc3 d5 4. cxd5 Nxd5 5. e4 Nxc3 6. bxc3 Bg7 7. Qa4+ Nd7 8. Nf3 O-O 9. Be2 c5 10. O-O a6 11. Bg5 b5 12. Qa3 h6 13. Be3 Bb7 14.
e5 cxd4 15. cxd4 Bd5 16. Qc1 Kh7 17. a4 b4 18. a5 Nb8 19. Qc5 Nc6 20. Nd2 f6 21. f4 Rc8 22. Bxa6 Rc7 23. Rfc1 e6 24. Qb6 Qe7 25. Qc5 Qf7 26. Bb5 Rfc8 27. a6 fxe5 28. fxe5 Nxe5 29. Qxc7 Rxc7 30. Rf1 Qe7 31. dxe5 Bxe5 32.
Rae1 Qh4 33. h3 Qg3 34. Bb6 Qxg2# 0-1

[Event "*** Titled Tuesday 3|2 Blitz"]
[Site "Chess.com"]
[Date "2016.03.01"]
[Round "3"]
[White "jcibarra"]
[Black "LADIESGET2KNOWME"]
[Result "1-0"]
[WhiteElo "2496"]
[BlackElo "2368"]
[TimeControl "180+2"]
[EndTime "17:32:14 PST"]
[Termination "jcibarra won by resignation"]

1. e4 e6 2. d4 d5 3. Nd2 Nf6 4. e5 Nfd7 5. f4 c5 6. c3 Nc6 7. Ndf3 Qb6 8. a3 Be7 9. h4 a5 10. b3 f6 11. Bd3 cxd4 12. cxd4 Nxd4 13. Nxd4 fxe5 14. fxe5 Nxe5 15. Qh5+ Nf7 16. Bb5+ Bd7 17. Bxd7+ Kxd7 18. Nge2 g6 19. Qg4 Ne5 20. Qh3 Rhf8 21.
Bb2 Rac8 22. Rd1 Rf7 23. Rf1 Rcf8 24. Rxf7 Rxf7 25. Nxe6 Qf2+ 26. Kd2 Nf3+ 27. gxf3 Rxf3 28. Nc5+ Kc6 29. Qc8+ Kb5 30. Qxb7+ Kxc5 31. Bd4+ 1-0